 Dungeon Crawl Stone Soup version 0.18.1-2-ga659475 (webtiles) character file.

207 Hipnos the Conjurer (level 5, -5/28 HPs)
             Began as a Deep Elf Conjurer on May 8, 2016.
             Slain by a river rat (6 damage)
             ... in a sewer.
             The game lasted 00:08:58 (2685 turns).

Hipnos the Conjurer (Deep Elf Conjurer)             Turns: 2685, Time: 00:08:59

Health: -5/28      AC:  2    Str:  5    XL:     5   Next: 54%
Magic:  1/14       EV: 13    Int: 21    God:
Gold:   147        SH:  0    Dex: 15    Spells: 3 memorised, 7 levels left

rFire  . . .     SeeInvis .     f - +0 short sword
rCold  . . .     Gourm    .     a - +0 robe
rNeg   . . .     Faith    .     (no shield)
rPois  .         Spirit   .     (no helmet)
rElec  .         Dismiss  .     (no cloak)
rCorr  .         Reflect  .     (no gloves)
SustAt .         Harm     .     (no boots)
MR     .....     Rnd*Tele +     (no amulet)
Stlth  ++........               (no ring)
                                (no ring)

@: very slightly contaminated, not resistant to hostile enchantments, unstealthy
A: teleportitis 1
a: no special abilities


You were in a sewer.
You were hungry.

You visited 1 branch of the dungeon, and saw 3 of its levels.
You also visited: Sewer.

You collected 147 gold pieces.

Inventory:

Hand Weapons
 f - a +0 short sword (weapon)
 v - a +0 dagger
Armour
 a - a +0 robe (worn)
Jewellery
 o - an uncursed ring of magical power {unknown}
Scrolls
 e - a scroll of teleportation
 h - a scroll of amnesia {unknown}
 i - a scroll of identify {unknown}
 j - 2 scrolls of remove curse
 k - a scroll of fear
 l - a scroll of immolation {unknown}
 m - a scroll of blinking {unknown}
 n - a scroll of magic mapping {unknown}
 r - a scroll of random uselessness {unknown}
Potions
 d - a potion of mutation
 s - a potion of might {unknown}
 u - a potion of agility {unknown}
Books
 b - a book of Conjurations

   Spells                             Type                      Level
   a - Magic Dart                     Conjuration                  1
   b - Searing Ray                    Conjuration                  2
   c - Dazzling Spray                 Conjuration/Hexes            3
   d - Fulminant Prism                Conjuration/Hexes            4
   e - Iskenderun's Mystic Blast      Conjuration                  4
   f - Iskenderun's Battlesphere      Conjuration/Charms           5
Comestibles
 c - 2 bread rations
 g - 3 beef jerkies
 t - 2 chunks of flesh


   Skills:
 + Level 2.8 Dodging
 - Level 3.1 Stealth
 + Level 5.1 Spellcasting
 + Level 6.2 Conjurations
 + Level 0.3 Hexes


You had 7 spell levels left.
You knew the following spells:

 Your Spells              Type           Power        Failure   Level  Hunger
a - Magic Dart            Conj           ####         1%          1    None
b - Searing Ray           Conj           ####..       1%          2    None
c - Fulminant Prism       Conj/Hex       ###.......   28%         4    ####...


Dungeon Overview and Level Annotations

Branches:
Dungeon (3/15)

Altars:
Dithmenos
Fedhas
Gozag
Kikubaaqudgha
Sif Muna


Innate Abilities, Weirdness & Mutations

You are occasionally teleported next to monsters.


Message History

The rat twitches its whiskers.
The river rat misses you.
You hit the river rat.
The river rat is heavily wounded.
The river rat bites you.
* * * LOW HITPOINT WARNING * * *
Casting: Magic Dart
Confirm with . or Enter, or press ? or * to list all spells.
Aiming: Magic Dart
Press: ? - help, Shift-Dir - straight line, f - rat
Aim: a rat The magic dart hits the rat.
You kill the rat!
The river rat barely misses you. The river rat bites you.
* * * LOW HITPOINT WARNING * * *
You are feeling hungry.
The river rat barely misses you. The river rat bites you.
You die...

##.......≈≈≈
##......≈≈≈≈
#....≈.≈≈≈.
.....≈≈≈≈≈≈
#......≈≈≈≈≈
..#....≈≈≈≈≈
#.###...≈≈≈≈≈
#∩ ##..≈≈≈≈≈≈
#.@.≈≈≈≈≈≈
##.r..≈≈≈≈≈
#.....≈≈≈≈≈
##....≈≈≈≈≈≈
#......≈≈≈≈≈
#.†...≈≈≈≈≈≈
#.....≈≈≈≈≈≈
##.†..≈≈≈≈≈≈
#...≈≈≈≈≈≈≈


You could see a river rat.

Vanquished Creatures
  Ijyb (D:2)
  7 adders
  4 river rats (Sewer)
  A worm (D:2)
  2 dart slugs
  A giant gecko (D:1)
  A bat (D:1)
  4 giant cockroaches
  9 goblins
  6 hobgoblins
  5 ball pythons
  10 giant newts
  10 kobolds
  22 rats
83 creatures vanquished.

Vanquished Creatures (others)
  A fulminant prism (Sewer)
1 creature vanquished.

Grand Total: 84 creatures vanquished

Notes
Turn   | Place    | Note
--------------------------------------------------------------
     0 | D:1      | Hipnos the Deep Elf Conjurer began the quest for the Orb.
     0 | D:1      | Reached XP level 1. HP: 10/10 MP: 6/6
   174 | D:1      | Reached XP level 2. HP: 15/15 MP: 2/8
   179 | D:1      | Learned a level 2 spell: Searing Ray
   402 | D:1      | Reached skill level 5 in Conjurations
   766 | D:1      | Reached XP level 3. HP: 19/19 MP: 7/9
  1139 | D:2      | Found a deep blue altar of Sif Muna.
  1486 | D:2      | Found an ancient bone altar of Kikubaaqudgha.
  1516 | D:2      | Found an opulent altar of Gozag.
  1557 | D:2      | Reached XP level 4. HP: 24/24 MP: 4/11
  1558 | D:2      | Found a blossoming altar of Fedhas.
  1567 | D:2      | Learned a level 4 spell: Fulminant Prism
  1860 | D:2      | Found a shadowy altar of Dithmenos.
  1957 | D:2      | Noticed Ijyb
  1963 | D:2      | Killed Ijyb
  2409 | D:3      | Found a glowing drain.
  2425 | Sewer    | Entered a sewer
  2438 | Sewer    | Reached XP level 5. HP: 28/28 MP: 5/13
  2542 | Sewer    | Reached skill level 6 in Conjurations
  2583 | Sewer    | Gained mutation: Potions and wands are less effective at restoring your health. [potion of mutation]
  2583 | Sewer    | Gained mutation: You are occasionally teleported next to monsters. [potion of mutation]
  2583 | Sewer    | Lost mutation: Potions and wands are less effective at restoring your health. [potion of mutation]
  2597 | Sewer    | Reached skill level 5 in Spellcasting
  2679 | Sewer    | HP: 1/28 [river rat (6)]
  2685 | Sewer    | Slain by a river rat

Skill      XL: |  1  2  3  4  5 |
---------------+----------------+-----
Conjurations   | 5 6 |  6.2
Stealth        | 3 |  3.1
Spellcasting   | 4 5 |  5.1
Dodging        | |  2.8
Hexes          | |  0.3

Action                   |  1- 3 |  4- 6 || total
-------------------------+-------+-------++-------
Melee: Short sword       |       |     2 ||     2
 Cast: Magic Dart        |    67 |    86 ||   153
       Searing Ray       |     1 |     1 ||     2
       Fulminant Prism   |       |     1 ||     1
  Use: Scroll            |       |     3 ||     3
       Potion            |       |     4 ||     4
  Eat: Chunk             |     2 |     3 ||     5
Armor: Robe              |       |     3 ||     3
Dodge: Dodged            |     4 |     8 ||    12
